 Dungeon Crawl Stone Soup version 0.28-a0-1506-g3893175d92 (webtiles) character file.

Game seed: 11682809289231824299

209 bladeefan the Skirmisher (level 5, -7/43 HPs)
             Began as a Demonspawn Fighter on Jan 13, 2022.
             Splashed by a jelly's acid (8 damage)
             ... on level 3 of the Dungeon.
             The game lasted 00:03:36 (2799 turns).

bladeefan the Skirmisher (Demonspawn Fighter)       Turns: 2799, Time: 00:03:37

Health: -7/43      AC: -7    Str: 18    XL:     5   Next: 55%
Magic:  5/5        EV:  9    Int:  9    God:
Gold:   84         SH:  5    Dex: 13    Spells: 4/4 levels left

rFire   . . .      SeeInvis .   a - +0 flail
rCold   . . .      Faith    .   c - +0 buckler
rNeg    . . .      Spirit   .   b - +0 scale mail
rPois   .          Reflect  .   (no helmet)
rElec   .          Harm     .   (no cloak)
rCorr   .          Rampage  .   (no gloves)
Will    .....                   (no boots)
Stlth   ..........              (no amulet)
HPRegen 0.14/turn               (no ring)
MPRegen 0.09/turn               (no ring)

@: brilliant, corroded
A: slimy green scales 1, powered by pain 1, demonic magic 1, demonic touch 1
a: no special abilities


You were on level 3 of the Dungeon.
You visited 1 branch of the dungeon, and saw 3 of its levels.

You collected 84 gold pieces.

Inventory:

Hand Weapons
 a - a +0 flail (weapon)
Armour
 b - a +0 scale mail (worn)
 c - a +0 buckler (worn)
Jewellery
 d - a ring of poison resistance
   (You found it on level 2 of the Dungeon)
 e - a +6 ring of intelligence
   (You found it on level 1 of the Dungeon)
 h - a ring of wizardry
   (You found it on level 1 of the Dungeon)
Wands
 n - a wand of polymorph (9)
   (You found it on level 3 of the Dungeon)
 v - a wand of digging (7)
   (You found it on level 3 of the Dungeon)
Scrolls
 j - a scroll of enchant weapon {unknown}
 k - 2 scrolls of blinking
 l - a scroll of identify {unknown}
Potions
 g - a potion of cancellation {unknown}
 i - a potion of mutation {unknown}
 m - a potion of brilliance
 o - a potion of might


   Skills:
 * Level 4.6 Fighting
 + Level 2.7 Maces & Flails
 + Level 3.4 Armour
 + Level 3.5 Shields


You had 4 spell levels left.
You didn't know any spells.
Your spell library contained the following spells:

 Spells                   Type           Power      Damage    Failure   Level
 Inner Flame              Hex/Fire       0%         N/A       99%         3
 Cause Fear               Hex            0%         N/A       100%        4
 Discord                  Hex            0%         N/A       100%        8


Dungeon Overview and Level Annotations

Branches:
Dungeon (3/15)

Altars:


Innate Abilities, Weirdness & Mutations

You are partially covered in slimy green scales. (AC +2)
You sometimes gain a little power by taking damage.
Spells you cast may paralyse adjacent enemies.
Your touch may inflict minor irresistible damage on your foes.


Message History

The dart slug launches a dart at you. The slug dart misses you.
You hit the dart slug. The dart slug barely misses you.
You thump the dart slug!
You kill the dart slug!
No target in view!
No target in view!
No target in view!
No target in view!
No target in view!
Key pressed, stopping explore.
You feel as though Xom is toying with you.
Suddenly, the walls become transparent!
You open the door.
A jelly comes into view.
The jelly quivers.
A jelly is nearby!
A jelly is nearby!
A jelly is nearby!
A jelly is nearby!
You hit the jelly. The acid corrodes you!
Your hands burn!
The jelly hits you but does no damage. The jelly barely misses you.
You hit the jelly but do no damage.
Your hands burn!
You block the jelly's attack.
You hit the jelly. The acid corrodes you!
Your hands burn!
You block the jelly's attack.
You hit the jelly but do no damage. The acid corrodes you!
Your hands burn!
The jelly hits you.
You are splashed with acid!
* * * LOW HITPOINT WARNING * * *
You hit the jelly.
Your hands burn!
* * * LOW HITPOINT WARNING * * *
The jelly hits you.
* * * LOW HITPOINT WARNING * * *
You are splashed with acid!
* * * LOW HITPOINT WARNING * * *
The jelly closely misses you.
It was a potion of brilliance.
You feel clever all of a sudden. The jelly closely misses you.
It was a potion of curing.
You feel better. The jelly hits you.
* * * LOW HITPOINT WARNING * * *
The acid corrodes you!
You are splashed with acid.
* * * LOW HITPOINT WARNING * * *
You hit the jelly.
Your hands burn!
* * * LOW HITPOINT WARNING * * *
The jelly misses you.
You barely miss the jelly. The jelly hits you.
* * * LOW HITPOINT WARNING * * *
You are splashed with acid!
You die...

. #
#.##................'.....
#.######....###'#####.....
#..........># #.# #.....
########...## #.# #.....
#...# #.# #.....
..######...# #.# #.....
...........# #.# ######
...........# #.#
.........@.# #.#
.#+##+##J#.# #.#.# #+#.#
###


You could see a jelly.

Vanquished Creatures
  A hound (D:3)
  An orc wizard (D:3)
  7 adders
  A shadow imp (D:3)
  3 worms (D:2)
  A dart slug (D:3)
  9 orcs (D:3)
  2 ball pythons
  4 bats
  6 endoplasms
  4 giant cockroaches
  3 goblins
  5 hobgoblins
  2 jackals (D:1)
  2 kobolds (D:2)
  4 quokkas
  7 frilled lizards
  5 rats
67 creatures vanquished.

Vanquished Creatures (others)
  17 demonic plants (D:3)
  5 fungi (D:3)
  4 plants (D:3)
  8 withered plants (D:3)
34 creatures vanquished.

Grand Total: 101 creatures vanquished

Notes
Turn   | Place    | Note
-------+----------+-------------------------------------------
     0 | D:1      | bladeefan the Demonspawn Fighter began the quest for the
                  | Orb.
     0 | D:1      | Reached XP level 1. HP: 18/18 MP: 1/1
   185 | D:1      | Gained mutation: Spells you cast may paralyse adjacent
                  | enemies. [demonic ancestry]
   185 | D:1      | Reached XP level 2. HP: 20/24 MP: 2/2
   847 | D:2      | Gained mutation: You are partially covered in slimy green
                  | scales. (AC +2) [demonic ancestry]
   847 | D:2      | Reached XP level 3. HP: 10/29 MP: 3/3
  1767 | D:2      | Gained mutation: You sometimes gain a little power by
                  | taking damage. [demonic ancestry]
  1767 | D:2      | Reached XP level 4. HP: 34/37 MP: 4/4
  1911 | D:2      | Reached skill level 4 in Fighting
  2321 | D:3      | Gained mutation: Your touch may inflict minor irresistible
                  | damage on your foes. [demonic ancestry]
  2321 | D:3      | Reached XP level 5. HP: 39/43 MP: 5/5
  2799 | D:3      | HP: 1/43 [jelly (3)]
  2799 | D:3      | Splashed by a jelly's acid

Illustrated notes

Levels and vault maps discovered:
D:1:      scummos_arrival_simple_crosswalls, layout_basic, dk_noncrumbling_4,
          hangedman_decor_points, st_stairs_3
D:2:      layout_loops_ring, minmay_misc_feat_nine_boxes
D:3:      layout_basic, dk_xom_monty_hall, shapermc_ecumenical_altar_gd

Skill      XL: |  1  2  3  4 |
---------------+-------------+-----
Maces & Flails | 2 |  2.7
Armour         | 3 |  3.4
Shields        | 3 |  3.5
Fighting       | 4 |  4.6

Action                   |  1- 3 |  4- 6 || total
-------------------------+-------+-------++-------
Melee: Flail             |   155 |   128 ||   283
  Use: Potion            |     1 |     2 ||     3
       Scroll            |     1 |       ||     1
Armor: Scale mail        |    90 |    61 ||   151
Dodge: Dodged            |    71 |    53 ||   124
Block: Buckler           |    46 |    29 ||    75

Table legend: (Time is in decaauts)
 A = Elapsed time spent in this place.
 B = Non-inter-level travel time spent in this place.
 C = Inter-level travel time spent in this place.
 D = Time resting spent in this place.
 E = Time spent auto-exploring this place.
 F = Levels seen in this place.
 G = Mean time per level.
                   A        B        C        D        E       F      G
               +--------+--------+--------+--------+--------+-----+--------+
         Total |   2890 |   2843 |     47 |    360 |   1881 |   3 |  963.3 |
       Dungeon |   2890 |   2843 |     47 |    360 |   1881 |   3 |  963.3 |
               +--------+--------+--------+--------+--------+-----+--------+

Top non-repeatable levels by time:
     D:2: 1282 daAuts
     D:1: 825 daAuts
     D:3: 782 daAuts
